 Dungeon Crawl Stone Soup version 0.22-a0-750-ga7dcef7 (webtiles) character file.

2666 Aviak the Shield-Bearer (level 9, -2/85 HPs)
             Began as a Deep Dwarf Fighter on July 15, 2018.
             Was a Believer of Makhleb.
             Slain by a killer bee (3 damage)
             ... on level 7 of the Dungeon.
             The game lasted 00:09:12 (5225 turns).

Aviak the Shield-Bearer (Deep Dwarf Fighter)        Turns: 5225, Time: 00:09:12

Health: -2/85      AC: 10    Str: 24    XL:     9   Next: 37%
Magic:  5/5        EV:  6    Int: 11    God:    Makhleb [**....]
Gold:   128        SH: 17    Dex: 12    Spells: 8/8 levels left

rFire    . . .     SeeInvis .   a - +0 war axe
rCold    . . .     Gourm    .   p - +0 large shield
rNeg     . . .     Faith    .   b - +0 scale mail
rPois    .         Spirit   .   s - +1 helmet
rElec    .         Reflect  .   (no cloak)
rCorr    +         Harm     .   (no gloves)
MR       +....                  (no boots)
Stlth    ..........             (no amulet)
HPRegen  0.00/turn              h - +3 ring of intelligence
MPRegen  0.09/turn              B - ring of resist corrosion

@: lethally poisoned (-2 -> -2), very slightly contaminated, non-regenerating,
invisible
A: damage resistance, heal wounds, sense surroundings 2, no regeneration
a: Heal Wounds, Minor Destruction, Renounce Religion


You were on level 7 of the Dungeon.
You worshipped Makhleb.
Makhleb was pleased with you.
You were hungry.

You visited 2 branches of the dungeon, and saw 8 of its levels.

You collected 312 gold pieces.
You spent 184 gold pieces at shops.

Inventory:

Hand Weapons
 a - a +0 war axe (weapon)
Armour
 b - a +0 scale mail (worn)
 c - a +0 shield
 p - a +0 large shield (worn)
 s - a +1 helmet (worn)
Jewellery
 h - a +3 ring of intelligence (left hand)
 B - a ring of resist corrosion (right hand)
Scrolls
 e - 3 scrolls of identify
 g - a scroll of blinking
 i - 3 scrolls of fear {unknown}
 j - 2 scrolls of noise {unknown}
 k - 2 scrolls of random uselessness {unknown}
 l - 3 scrolls of teleportation {unknown}
 n - 3 scrolls of remove curse {unknown}
 r - 2 scrolls of amnesia {unknown}
 v - 2 scrolls of enchant armour {unknown}
 w - a scroll of magic mapping {unknown}
 x - a scroll of enchant weapon {unknown}
 y - a scroll of immolation {unknown}
 C - a scroll of fog {unknown}
Potions
 m - 4 potions of flight
 o - 2 potions of agility
 q - 4 potions of haste
 t - a potion of lignification
 u - a potion of curing
 z - a potion of invisibility
 A - a potion of mutation
Comestibles
 f - 10 rations


   Skills:
 + Level 6.5 Fighting
 + Level 7.3 Axes
 + Level 7.7 Armour
 + Level 7.8 Shields


You had 8 spell levels left.
You didn't know any spells.
Your spell library contained the following spells:

 Spells                   Type           Power        Failure   Level  Hunger
 Animate Dead             Necr           N/A          100%        4    #####..
 Pain                     Necr           #...         100%        1    ##.....
 Animate Skeleton         Necr           N/A          100%        1    ##.....
 Vampiric Draining        Necr           #.........   100%        3    ####...
 Regeneration             Chrm/Necr      #.........   100%        3    ####...


Dungeon Overview and Level Annotations

Branches:
Dungeon (7/15)             Temple (1/1) D:4

Altars:
Ashenzari
Cheibriados
Dithmenos
Fedhas
Hepliaklqana
Kikubaaqudgha
Makhleb
Nemelex Xobeh
Okawaru
Qazlal
Ru
Sif Muna
Trog
Uskayaw
Vehumet
Wu Jian
Xom
Yredelemnul
Zin

Shops:
D:5 *

Annotations:
D:7 1 runed door, Hebeh's ghost, amateur DEFE


Innate Abilities, Weirdness & Mutations

You are resistant to damage.
You can heal yourself by infusing magical energy.
You passively map the area around you.
You do not regenerate.


Message History

The orc warrior hits you but does no damage.
The killer bee stings you but does no damage.
Unknown command.
You hit the orc warrior but do no damage.
The orc warrior is almost dead.
You slash the killer bee! The killer bee barely misses you.
The killer bee stings you.
* * * LOW HITPOINT WARNING * * *
You are more poisoned.
The killer bee poisons you! The orc warrior closely misses you.
You catch the helpless orc warrior completely off-guard!
You hit the orc warrior but do no damage.
The orc warrior is almost dead.
You closely miss the killer bee. The killer bee barely misses you.
You block the killer bee's attack.
The orc warrior hits you with a war axe!
* * * LOW HITPOINT WARNING * * *
You fail to use your ability.
You block the killer bee's attack. The killer bee stings you.
You die...

* ** , ** , * , , , * , ,
. , , * ** .# , # **,##.#
##.. #. ....# #... #.#*
#....##..*##... ,
*#..#####.........##....
..##...[@yO....#.........
*
*#......o####..##.........
.........##*#.###........
,..........####.#.........
*
...........#.............
*
,.........................
,
.........................
,.........................
*,
............#.....##.....


You could see an orc warrior, an ogre and a killer bee.

Vanquished Creatures
  Pikel (D:6)
  An orc warrior (D:7)
  A sky beast (D:7)
  A slave (D:6)
  A phantom (D:6)
  An ogre (D:5)
  A centaur (D:6)
  Blork the orc (D:4)
  A bullfrog (D:6)
  A water moccasin skeleton (D:7)
  5 killer bees
  7 wights
  A howler monkey (D:5)
  4 crimson imps
  2 hounds
  A bullfrog zombie (D:6)
  A centaur zombie (D:6)
  5 orc wizards
  A jelly (D:7)
  4 orc priests
  Jessica (D:2)
  A gnoll shaman (D:7)
  An iguana (D:4)
  2 worker ants
  A killer bee zombie (D:6)
  A hound zombie (D:5)
  2 hound skeletons
  Robin (D:3)
  3 gnolls (D:7)
  A river rat (D:4)
  6 adders
  2 adder skeletons
  4 worms
  5 dart slugs
  5 leopard geckos
  19 orcs
  2 ball pythons
  7 giant cockroaches
  17 goblins
  11 hobgoblins
  13 jackals
  5 kobolds (D:3)
  A quokka (D:5)
  A ball python zombie (D:5)
  5 bats
  3 frilled lizards
  2 gnoll zombies (D:3)
  A quokka skeleton (D:4)
  12 rats
176 creatures vanquished.

Vanquished Creatures (others)
  A killer bee (D:7)
  An orc wizard (D:5)
2 creatures vanquished.

Grand Total: 178 creatures vanquished

Notes
Turn   | Place    | Note
-------+----------+-------------------------------------------
     0 | D:1      | Aviak the Deep Dwarf Fighter began the quest for the Orb.
     0 | D:1      | Reached XP level 1. HP: 20/20 MP: 1/1
    50 | D:1      | Reached XP level 2. HP: 25/27 MP: 2/2
   765 | D:2      | Reached XP level 3. HP: 23/34 MP: 3/3
   799 | D:2      | Noticed Jessica
   804 | D:2      | Killed Jessica
   886 | D:2      | Reached XP level 4. HP: 24/42 MP: 4/4
  1495 | D:3      | Reached XP level 5. HP: 20/49 MP: 5/5
  1567 | D:3      | Noticed Robin
  1593 | D:3      | Killed Robin
  1862 | D:3      | Found a basalt altar of Yredelemnul.
  1998 | D:4      | Found a glowing drain.
  2142 | D:4      | Noticed Blork the orc
  2148 | D:4      | Killed Blork the orc
  2148 | D:4      | Reached XP level 6. HP: 33/57 MP: 6/6
  2247 | D:4      | Found a staircase to the Ecumenical Temple.
  2261 | Temple   | Entered the Ecumenical Temple
  2326 | Temple   | Became a worshipper of Makhleb the Destroyer
  2468 | D:4      | Reached skill level 5 in Armour
  2896 | D:5      | Entered Level 5 of the Dungeon
  2903 | D:5      | Reached skill level 5 in Shields
  3007 | D:5      | Reached XP level 7. HP: 25/64 MP: 7/7
  3209 | D:5      | Reached skill level 5 in Axes
  3221 | D:5      | Reached * piety under Makhleb
  3255 | D:5      | Found Maucef's Assorted Antiques.
  3263 | D:5      | Bought a scroll labeled UGROLAU DOCK for 32 gold pieces
  3263 | D:5      | Bought a metallic orange potion for 28 gold pieces
  3263 | D:5      | Bought a scroll labeled REREIPL POCHO for 32 gold pieces
  3263 | D:5      | Bought a scroll labeled XIECUR FEMAENT for 32 gold pieces
  3263 | D:5      | Bought a scroll labeled XISTRE POEM for 32 gold pieces
  3263 | D:5      | Bought a fuming puce potion for 28 gold pieces
  3816 | D:6      | Reached skill level 5 in Fighting
  3819 | D:6      | Reached XP level 8. HP: 39/74 MP: 4/4
  3865 | D:6      | Found a shadowy altar of Dithmenos.
  4999 | D:7      | Found a runed door.
  4999 | D:7      | Noticed Hebeh's ghost (amateur DEFE)
  5026 | D:7      | Noticed Pikel
  5070 | D:6      | Gained mutation: You passively map the area around you. [Deep Dwarf growth]
  5070 | D:6      | Reached XP level 9. HP: 23/82 MP: 5/5
  5121 | D:6      | Killed Pikel
  5207 | D:7      | Reached ** piety under Makhleb
  5224 | D:7      | HP: 1/85 [orc warrior/war axe (10)]
  5225 | D:7      | Slain by a killer bee

Vault maps used:
D:1:      ncdulo_watergridlock
D:2:      cheibrodos_helix_gallery, uniq_jessica
D:3:      lemuel_zombie_altar_yredelemnul, first_ration, uniq_robin
D:4:      temple_pool_b, portal_sewer_entry_a, uniq_blork_the_orc
D:5:      serial_shops, nicolae_shop_waterfront
D:6:      nicolae_dithmenos_shadow_blocks
D:7:      hellmonk_ghost_happy_afterlife, uniq_pikel, uniq_menkaure
Temple:   compressed_dpeg_triangle_lava_temple

Skill      XL: |  1  2  3  4  5  6  7  8  9 |
---------------+----------------------------+-----
Fighting       | 3 4 5 6 |  6.5
Axes           | 3 4 5 6 7 |  7.3
Armour         | 4 5 6 7 |  7.7
Shields        | 4 5 6 7 |  7.8

Action                   |  1- 3 |  4- 6 |  7- 9 || total
-------------------------+-------+-------+-------++-------
Melee: War axe           |    99 |   282 |   316 ||   697
 Abil: Heal Wounds       |       |     5 |    10 ||    15
  Use: Potion            |       |     1 |     6 ||     7
       Scroll            |       |       |     6 ||     6
 Stab: Invisible         |       |       |     2 ||     2
  Eat: Chunk             |       |     8 |     7 ||    15
Armor: Scale mail        |    50 |   120 |    88 ||   258
       Skin              |       |       |    44 ||    44
Dodge: Dodged            |    40 |    83 |    65 ||   188
Block: Shield            |    49 |   119 |       ||   168
       Large shield      |       |    83 |   347 ||   430

Table legend:
 A = Spawn XP
 B = Non-spawn XP
 C = Spawn XP percentage of total XP
 D = Spawn monster count
 E = Non-spawn monster count
 F = Spawn count percentage of total count
 G = Total turns spent on level
                    A         B        C        D         E        F      G
               +---------+---------+-------+---------+---------+-------+---------
         Total |       0 |    3809 |   0.0 |       0 |     176 |   0.0 |  5225
               +---------+---------+-------+---------+---------+-------+---------
           D:1 |       0 |      37 |   0.0 |       0 |      19 |   0.0 |   757
           D:2 |       0 |     120 |   0.0 |       0 |      27 |   0.0 |   527
           D:3 |       0 |     153 |   0.0 |       0 |      43 |   0.0 |   714
           D:4 |       0 |     287 |   0.0 |       0 |      17 |   0.0 |   822
           D:5 |       0 |     664 |   0.0 |       0 |      26 |   0.0 |   820
           D:6 |       0 |    1688 |   0.0 |       0 |      23 |   0.0 |   976
           D:7 |       0 |     860 |   0.0 |       0 |      21 |   0.0 |   533
               +---------+---------+-------+---------+---------+-------+---------
